 Dungeon Crawl Stone Soup version 0.29.1-1-gd02db6906a (webtiles) character file.

Game seed: 12284428739267726560

866 inmateoo the Trooper (level 7, -6/61 HPs)
             Began as a Minotaur Wanderer on Sept 29, 2022.
             Mangled by a gnoll sergeant
             ... wielding a +5 trident of flaming
              (10 damage)
             ... on level 5 of the Dungeon.
             The game lasted 00:04:17 (4565 turns).

inmateoo the Trooper (Minotaur Wanderer)            Turns: 4565, Time: 00:04:18

Health: -6/61      AC:  3    Str: 14    XL:     7   Next: 72%
Magic:  7/7        EV: 14    Int: 12    God:
Gold:   194        SH:  0    Dex: 19    Spells: 5/8 levels left

rFire   . . .      SeeInvis .   c - +4 dagger of Trial by Ordeal {venom, Int+3 Dex+5 Stlth-}
rCold   . . .      Faith    .   (no shield)
rNeg    . . .      Spirit   .   e - +0 leather armour
rPois   .          Reflect  .   (helmet restricted)
rElec   .          Harm     .   (no cloak)
rCorr   .          Rampage  .   (no gloves)
Will    .....                   (no boots)
Stlth   ++........              (no amulet)
HPRegen 0.20/turn               (no ring)
MPRegen 0.10/turn               (no ring)

@: on berserk cooldown, hasted and slowed
A: horns 2, retaliatory headbutt
a: no special abilities


You were on level 5 of the Dungeon.
You visited 1 branch of the dungeon, and saw 5 of its levels.

You collected 194 gold pieces.

Inventory:

Hand Weapons
 c - the +4 dagger of Trial by Ordeal (weapon) {venom, Int+3 Dex+5 Stlth-}
   (You took it off an orc on level 3 of the Dungeon)

   It poisons the flesh of those it strikes.
   Int:       It affects your intelligence (+3).
   Dex:       It affects your dexterity (+5).
   Stlth:     It makes you less stealthy.
 p - a +3 quarterstaff of pain
Missiles
 b - 18 poisoned darts (quivered)
Armour
 e - a +0 leather armour (worn)
Scrolls
 i - 2 scrolls of vulnerability
 l - 2 scrolls of enchant weapon
Potions
 a - 2 potions of brilliance
 f - 2 potions of lignification {unknown}
 h - 2 potions of might
 j - a potion of attraction {unknown}
 k - a potion of berserk rage
 n - a potion of invisibility {unknown}


   Skills:
 - Level 5.0 Fighting
 - Level 3.6 Staves
 - Level 1.0 Throwing
 + Level 4.9 Dodging
 + Level 3.7 Stealth
 + Level 4.5 Unarmed Combat
 - Level 1.0 Spellcasting
 - Level 2.4 Transmutations
 - Level 1.0 Evocations


You had 5 spell levels left.
You knew the following spells:

 Your Spells              Type           Power      Damage    Failure   Level
a - Beastly Appendage     Tmut           12%        N/A       14%         1
b - Wereblood             Tmut           6%         N/A       22%         2

Your spell library contained the following spells:

 Spells                   Type           Power      Damage    Failure   Level
 Magic Dart               Conj           0%         1d3       36%         1
 Call Imp                 Summ           0%         N/A       50%         2
 Mephitic Cloud           Conj/Pois/Air  0%         N/A       75%         3
 Petrify                  Tmut/Erth      3%         N/A       93%         4


Dungeon Overview and Level Annotations

Branches:
Dungeon (5/15)
 Temple: D:4-7

Altars:

Annotations:
D:3 3 runed translucent doors, MisterFreud's ghost, amateur FoGl; NeverExisted's ghost, amateur TrFi; diceflayer's ghost, amateur DsFi


Innate Abilities, Weirdness & Mutations

You have a pair of horns on your head.
You reflexively headbutt those who attack you in melee.


Message History

A red film seems to cover your vision as you go berserk!
You feel yourself moving faster!
You feel mighty!
You feel sick.
The water moccasin bites you but does no damage.
The water moccasin closely misses you.
The gnoll hits you from afar with a +0 spear.
You hit the water moccasin.
The water moccasin is poisoned.
The water moccasin is heavily wounded.
You feel sick. The water moccasin bites you.
You puncture the water moccasin!
The water moccasin is almost dead.
You feel sick.
The gnoll hits you from afar with a +0 spear.
You closely miss the water moccasin.
The water moccasin is almost dead.
You feel sick. The water moccasin closely misses you. You furiously retaliate!
You headbutt the water moccasin!
You kill the water moccasin!
The gnoll closely misses you.
Training target 5.0 for Fighting reached!
Your Fighting skill increases to level 5!
You feel sick.
You see here a +0 club.
You feel a strong urge to attack something.
The gnoll misses you.
You feel sick.
You see here a +0 club.
You feel your anger nearly subside.
You are no longer berserk.
You are exhausted.
You feel yourself slow down.
You feel sick.
Okay, then.
You feel yourself speed up.
You feel sick.
You are no longer poisoned.
The gnoll hits you with a +0 spear.
* * * LOW HITPOINT WARNING * * *
The gnoll sergeant hits you from afar with a +5 trident of flaming!
* * * LOW HITPOINT WARNING * * *
The gnoll sergeant burns you.
* * * LOW HITPOINT WARNING * * *
The gnoll sergeant hits you from afar with a +5 trident of flaming!
You die...

.....########.######.........
..............## #.........
##.............# #.........
#.............## #.........
#..............# #.....)...
###..........#.# #.........
#..........#.# ###?###....
############.###g......##.
.......)@ggg......#
#######.###g......# #.#
#.......# #.# #.......# #..
........# ####.......^#
##.......# .>.....>#


You could see a gnoll sergeant and 4 gnolls.

Vanquished Creatures
  Duvessa (D:4)
  A water moccasin (D:5)
  2 phantoms
  2 scorpions (D:4)
  Dowan (D:4)
  A hound (D:4)
  A jelly (D:5)
  2 orc priests (D:4)
  An orc wizard (D:3)
  Robin (D:3)
  7 gnolls (D:4)
  3 adders
  2 worms (D:2)
  A dart slug (D:1)
  5 orcs
  4 ball pythons
  4 bats
  6 endoplasms
  3 giant cockroaches
  11 goblins
  9 hobgoblins
  6 jackals
  4 kobolds
  3 quokkas
  3 frilled lizards (D:2)
  5 rats
89 creatures vanquished.

Vanquished Creatures (others)
  4 withered plants (D:3)
4 creatures vanquished.

Grand Total: 93 creatures vanquished

Notes
Turn   | Place    | Note
-------+----------+-------------------------------------------
     0 | D:1      | inmateoo the Minotaur Wanderer began the quest for the Orb.
     0 | D:1      | inmateoo set off with the following items: a +0
                  | quarterstaff, 12 poisoned darts, a +0 dagger, a potion of
                  | curing, a +0 leather armour; and the following spell
                  | memorised: Beastly Appendage; and the following spells
                  | available to memorise: Wereblood, Petrify.
     0 | D:1      | Reached XP level 1. HP: 14/14 MP: 1/1
   152 | D:1      | Found a faded altar of an unknown god.
   456 | D:1      | Reached XP level 2. HP: 22/22 MP: 2/2
   640 | D:1      | Reached skill level 1 in Fighting
   947 | D:2      | Reached skill level 1 in Unarmed Combat
  1106 | D:2      | Reached skill level 1 in Stealth
  1106 | D:2      | Reached XP level 3. HP: 28/28 MP: 3/3
  1819 | D:3      | Reached skill level 2 in Fighting
  1826 | D:3      | Noticed Robin
  1838 | D:3      | Reached XP level 4. HP: 9/36 MP: 4/4
  1839 | D:3      | Killed Robin
  2059 | D:3      | Learned a level 2 spell: Wereblood
  2109 | D:3      | Found a runed translucent gate.
  2110 | D:3      | Found a runed translucent gate.
  2110 | D:3      | Found a runed translucent gate.
  2114 | D:3      | Noticed NeverExisted's ghost (amateur TrFi)
  2114 | D:3      | Noticed diceflayer's ghost (amateur DsFi)
  2115 | D:3      | Noticed MisterFreud's ghost (amateur FoGl)
  2143 | D:3      | Identified the +4 dagger of Trial by Ordeal {venom, Int+3
                  | Dex+5 Stlth-}
  2171 | D:3      | Reached XP level 5. HP: 30/42 MP: 5/5
  2972 | D:4      | Reached skill level 3 in Fighting
  3189 | D:4      | Reached XP level 6. HP: 51/51 MP: 6/6
  3773 | D:4      | Reached skill level 4 in Fighting
  3791 | D:4      | Noticed Duvessa
  3794 | D:4      | Noticed Dowan
  3802 | D:4      | Killed Duvessa
  3803 | D:4      | Reached XP level 7. HP: 28/60 MP: 7/7
  3805 | D:4      | Killed Dowan
  4450 | D:5      | Entered Level 5 of the Dungeon
  4561 | D:5      | Reached skill level 5 in Fighting
  4565 | D:5      | Mangled by a gnoll sergeant

Illustrated notes

Levels and vault maps discovered:
D:1:      amcnicky_arrival_single_pillar, layout_basic,
          dreamdust_ecumenical_altar_statues
D:2:      layout_loops_ring, grunt_ministairs_6
D:3:      layout_loops_ring, gammafunk_ghost_cemetery, minmay_tree_intersection,
          chequers_jeans, uniq_robin
D:4:      layout_cave_pods, uniq_duvessa
D:5:      layout_basic, lemuel_mausoleum_altar_yredelemnul,
          minmay_temple_entry_trees

Skill      XL: |  1  2  3  4  5  6  7 |
---------------+----------------------+-----
Fighting       | 1 2 3 4 5 |  5.0
Unarmed Combat | 1 2 3 4 |  4.5
Stealth        | 1 2 3 |  3.7
Dodging        | 2 3 4 |  4.9
Staves         | |  3.6
Throwing       | |  1.0
Spellcasting   | |  1.0
Transmutations | |  2.4
Evocations     | |  1.0

Action                   |  1- 3 |  4- 6 |  7- 9 || total
-------------------------+-------+-------+-------++-------
Melee: Quarterstaff      |    79 |    20 |       ||    99
       Headbutt          |     9 |    25 |     4 ||    38
       Dagger            |       |    62 |    26 ||    88
       Punch             |       |     4 |       ||     4
  Use: Potion            |     1 |     2 |     4 ||     7
       Scroll            |       |     9 |     2 ||    11
 Stab: Sleeping          |     2 |     2 |     1 ||     5
Armor: Leather armour    |    17 |    14 |     4 ||    35
Dodge: Dodged            |    63 |    51 |    20 ||   134
